Map: Echo LE (Void)

Players

Musumeci

  • Race: Zerg Zerg
  • League: Diamond
  • Spawn Location: 5:00

morfas - Winner!

  • Race: Protoss Protoss
  • League: Diamond
  • Spawn Location: 11:00

VOD

Have the link to the VOD?

Description

Time

  • Played on: Jan. 23, 2017, 2:52 p.m.
  • Length: 8:18
Show
View Real Time Build Order
Export as new Build Order

Musumeci Zerg 

Build Orders: Hatch First 

Get SALT Encoding   

  12  0:04  Drone  
  13  0:13  Drone  
  14  0:15  Drone, Extractor  
  15  0:43  Hatchery  
  15  0:47  Drone, Extractor  
  15  1:06  Spawning Pool  
  11  2:21  Drone  
  11  2:22  Drone x2  
  14  2:39  Hatchery  
  11  2:50  Drone  
  11  2:51  Drone  
  13  2:55  Extractor  
  12  3:11  Drone x2  
  14  3:13  Overlord  
  14  3:24  Overlord  
  14  3:38  Drone  
  14  3:39  Drone  
  16  3:56  Queen  
  16  3:58  Drone  
  16  4:00  Drone  
  20  4:08  Metabolic Boost  
  20  4:13  Drone  
  20  4:15  Drone  
  22  4:18  Zergling x2  
  22  4:20  Zergling x2  
  24  4:24  Drone  
  24  4:27  Drone  
  24  4:30  Drone  
  27  4:39  Spore Crawler  
  27  4:41  Drone, Spore Crawler  
  26  4:50  Drone x2  
  28  5:07  Overlord  
  28  5:08  Overlord  
  27  5:18  Drone  
  28  5:22  Lair  
  28  5:26  Drone x3  
  31  5:42  Roach Warren  
  29  5:45  Spine Crawler  
  28  6:01  Spine Crawler  
  27  6:10  Spine Crawler  
  24  6:17  Overlord  
  24  6:22  Roach x5  
  24  6:24  Overlord  
  34  6:35  Roach, Extractor  
  34  6:38  Roach  
  34  6:39  Roach x2  
  41  6:42  Overlord  
  41  6:43  Overlord  
  41  6:52  Queen  
  43  7:00  Queen  
  45  7:35  Drone x6  
  48  7:56  Evolution Chamber  
  47  7:59  Drone x4  
  47  8:03  Extractor  
Show
View Real Time Build Order
Export as new Build Order

morfas Protoss - Winner!

Build Orders: Cannon Rush 

Get SALT Encoding   

  12  0:01  Probe (Chrono Boost)  
  13  0:11  Probe (Chrono Boost)  
  14  0:19  Pylon  
  14  0:22  Probe (Chrono Boost)  
  15  0:37  Probe (Chrono Boost)  
  15  0:41  Gateway  
  16  0:48  Probe (Chrono Boost)  
  17  0:54  Forge  
  17  1:03  Probe (Chrono Boost)  
  18  1:12  Pylon  
  18  1:25  Pylon  
  18  1:42  Photon Cannon  
  18  1:43  Photon Cannon  
  18  1:44  Photon Cannon  
  18  1:47  Pylon  
  18  1:54  Probe (Chrono Boost)  
  18  2:05  Probe (Chrono Boost)  
  19  2:16  Photon Cannon  
  19  2:21  Cybernetics Core  
  19  2:26  Probe (Chrono Boost)  
  19  2:27  Zealot  
  20  2:34  Assimilator  
  20  2:36  Assimilator  
  22  2:50  Pylon  
  22  3:08  Warp Gate  
  22  3:12  Gateway  
  22  3:13  Gateway  
  22  3:15  Gateway  
  22  3:22  Pylon  
  22  3:30  Mothership Core (Chrono Boost)  
  22  3:32  Adept  
  26  4:04  Nexus  
  26  4:09  Sentry  
  28  4:12  Sentry  
  31  4:18  Probe (Chrono Boost)  
  31  4:30  Probe (Chrono Boost)  
  32  4:38  Adept  
  34  4:41  Adept  
  34  4:42  Probe (Chrono Boost)  
  38  4:54  Probe (Chrono Boost)  
  40  5:06  Probe (Chrono Boost)  
  39  5:18  Probe (Chrono Boost)  
  39  5:19  Adept x2  
  39  5:20  Adept x2  
  39  5:21  Probe (Chrono Boost)  
  49  5:31  Probe (Chrono Boost)  
  49  5:33  Probe (Chrono Boost)  
  51  5:44  Stalker x2  
  51  5:45  Probe (Chrono Boost)  
  51  5:47  Stalker  
  58  6:15  Adept x2  
  58  6:16  Adept x2  
  66  6:43  Stalker x2  
  70  6:52  Assimilator  
  70  6:54  Assimilator  
  70  6:58  Pylon  
  70  7:01  Pylon  
  70  7:03  Pylon  
  70  7:04  Pylon  
  70  7:18  Stalker x2  
  70  7:19  Stalker, Pylon  
  74  7:41  Probe (Chrono Boost)  
  74  7:43  Probe (Chrono Boost)  
  76  7:50  Stalker  
  76  7:51  Stalker x3  
  80  7:52  Probe (Chrono Boost)  
  80  7:55  Probe (Chrono Boost)  
  86  8:02  Probe (Chrono Boost)  
  88  8:07  Probe (Chrono Boost)  
Tags
 
Add a new tag
Caveats
  • Supply blocks, unpowered buildings, or Contaminate may cause inaccurate times.
  • Supply counts are checked every 10 seconds.